 Dungeon Crawl Stone Soup version 0.23.2-1-ga50397a (webtiles) character file.

Game seed: 16159694340401967565

42549 IBeShadow the Severer (level 13, -6/195 HPs)
             Began as a Minotaur Berserker on May 13, 2019.
             Was a High Priest of Trog.
             Succumbed to a guardian serpent's bolt of poison
             ... on level 6 of the Lair of Beasts.
             The game lasted 00:31:15 (21062 turns).

IBeShadow the Severer (Minotaur Berserker)         Turns: 21062, Time: 00:31:16

Health: -6/195     AC: 16    Str: 31    XL:     13   Next: 86%
Magic:  16/17      EV:  8    Int:  4    God:    Trog [*****.]
Gold:   1008       SH:  0    Dex: 11    Spells: 12/12 levels left

rFire    + + .     SeeInvis .   P - +3 battleaxe (venom)
rCold    x . .     Gourm    .   (shield currently unavailable)
rNeg     . . .     Faith    +   Q - +3 plate armour {rF+}
rPois    .         Spirit   .   (helmet restricted)
rElec    .         Reflect  .   N - +1 cloak
rCorr    .         Harm     .   (no gloves)
MR       .....                  (no boots)
Stlth    ..........             h - amulet of faith
HPRegen  0.42/turn              B - ring of fire (curse)
MPRegen  0.15/turn              (no ring)

@: berserking, lethally poisoned (-6 -> -127), very quick
A: retaliatory headbutt, horns 2
a: Berserk, Trog's Hand, Brothers in Arms, Renounce Religion


You were on level 6 of the Lair of Beasts.
You worshipped Trog.
Trog was extremely pleased with you.
You were hungry.

You visited 3 branches of the dungeon, and saw 17 of its levels.
You also visited: Volcano.

You collected 1112 gold pieces.
You spent 104 gold pieces at shops.

Inventory:

Hand Weapons
 r - a +1 vampiric war axe
 K - a +4 arbalest of freezing
 O - a +3 hand crossbow of freezing
 P - a +3 battleaxe of venom (weapon)
Missiles
 u - 7 tomahawks of returning (quivered)
 v - 92 bolts
Armour
 N - a +1 cloak (worn)
 Q - a +3 plate armour of fire resistance (worn)
Jewellery
 h - an amulet of faith (around neck)
 B - a cursed ring of fire (left hand)
Wands
 A - a wand of acid (4)
 D - a wand of paralysis (9)
 E - a wand of clouds (7)
 G - a wand of flame (24)
 R - a wand of iceblast (7)
Scrolls
 b - 3 scrolls of remove curse
 n - 2 scrolls of identify
 o - 3 scrolls of teleportation
 t - 3 scrolls of fog
 w - a scroll of blinking {unknown}
 y - 2 scrolls of enchant weapon
 C - 5 scrolls of enchant armour
 F - a scroll of magic mapping {unknown}
 I - a scroll of fear {unknown}
 J - a scroll of vulnerability {unknown}
 L - 3 scrolls of summoning
 M - a scroll of immolation {unknown}
Potions
 a - 3 potions of curing
 d - 2 potions of agility
 e - 5 potions of resistance
 f - a potion of degeneration {unknown}
 g - a potion of mutation {unknown}
 j - 3 potions of haste
 k - 2 potions of ambrosia {unknown}
 l - 2 potions of flight
 m - 3 potions of invisibility {unknown}
 p - a potion of berserk rage {unknown}
 q - a potion of magic {unknown}
 x - a potion of heal wounds
 z - 3 potions of cancellation {unknown}
Miscellaneous
 i - a phantom mirror
 s - a lamp of fire
Comestibles
 c - 21 rations


   Skills:
 + Level 16.8 Fighting
 + Level 16.8 Axes
 + Level 10.0 Crossbows
 - Level 2.4 Armour
 - Level 2.1 Dodging
   Level 5.4 Shields
 + Level 6.8 Evocations


You had 12 spell levels left.
You didn't know any spells.
Your spell library was empty.

Dungeon Overview and Level Annotations

Branches:
Dungeon (10/15)            Temple (1/1) D:5            Lair (6/6) D:9
  Swamp (0/4) Lair:2       Spider (0/4) Lair:4
  Slime: Lair:5-6       Orc: D:9-12

Altars:
Ashenzari
Cheibriados
Dithmenos
Elyvilon
Fedhas
Gozag
Hepliaklqana
Kikubaaqudgha
Makhleb
Nemelex Xobeh
Okawaru
Qazlal
Ru
Sif Muna
Trog
Uskayaw
Vehumet
Wu Jian
Xom
Yredelemnul
Zin
The Shining One

Shops:
D:8 *[   D:9 :?:

Annotations:
Lair:2 1 runed translucent door, DepressedLobster's ghost, journeyman MiBe


Innate Abilities, Weirdness & Mutations

You reflexively headbutt those who attack you in melee.
You have a pair of horns on your head.


Message History

Your plate armour prevents you from hitting the guardian serpent.
Your headbutt misses the guardian serpent.
The guardian serpent is severely wounded.
* * * LOW HITPOINT WARNING * * *
You feel very sick.
The guardian serpent coils itself and waves its upper body at you.
The bolt of poison hits you.
You are more poisoned.
* * * LOW HITPOINT WARNING * * *
You barely miss the guardian serpent.
The guardian serpent is severely wounded.
* * * LOW HITPOINT WARNING * * *
You feel very sick. The guardian serpent hits you!
* * * LOW HITPOINT WARNING * * *
Unknown command.
You are too berserk!
You barely miss the guardian serpent.
The guardian serpent is severely wounded.
You die...

##..... .....
##...... ....
..).... .... .....
#..# #... #..#
###.†. #..# ###.....
##S.## ##..P....
##.@..## .........
#......# .........
#......## .........
##......###.........
#####...)###..P....
#..##...###.....
##..##....###...
#...##.....#...
##...##........


You could see a guardian serpent.

Vanquished Creatures
  A stone giant (Volcano)
  Snorg (Lair:5)
  A hydra (Lair:2)
  A catoblepas (Lair:6)
  7 death yaks
  Urug (Lair:2)
  A fire crab (Lair:2)
  A wolf spider (Lair:6)
  4 oklob plants (Lair:4)
  8 elephants
  8 black mambas
  A centaur zombie (D:10)
  Psyche (D:9)
  A gargoyle (Volcano)
  10 spiny frogs
  2 molten gargoyles (Volcano)
  2 komodo dragons (Lair:2)
  3 rime drakes
  An efreet (Volcano)
  A queen bee (Lair:5)
  2 hornets (Lair:6)
  3 meliai (Lair:5)
  2 trolls (D:10)
  A polar bear (Lair:4)
  A jumping spider (Lair:4)
  4 hippogriffs
  25 yaks
  2 redbacks
  A wraith (D:10)
  12 wyverns
  4 hogs (D:8)
  A human (D:8)
  2 fire bats (Volcano)
  A steam dragon (D:9)
  Grum (Lair:1)
  3 fire elementals (Volcano)
  A hungry ghost (D:9)
  A warg (Lair:6)
  6 water moccasins
  11 porcupines
  2 orc warriors
  3 necrophages
  4 sky beasts
  A hornet zombie (D:8)
  5 ogres
  4 phantoms
  4 ice beasts
  13 wolves
  7 centaurs
  8 crocodiles
  8 bullfrogs
  3 gnoll sergeants (D:5)
  3 scorpions
  A water moccasin skeleton (D:7)
  20 killer bees (Lair:5)
  10 wights
  A howler monkey (D:6)
  8 lava snakes (Volcano)
  4 crimson imps
  A bullfrog zombie (D:10)
  A quasit (D:9)
  A bullfrog skeleton (D:4)
  A gnoll shaman (D:5)
  10 hounds
  3 jellies
  5 orc priests
  3 iguanas
  12 orc wizards
  10 worker ants
  A hound skeleton (D:9)
  A howler monkey zombie (D:10)
  Robin (D:2)
  17 gnolls
  14 adders
  3 oozes
  An adder skeleton (D:4)
  2 worms
  5 leopard geckos
  43 orcs
  3 ball pythons
  13 bats
  6 giant cockroaches
  14 goblins
  9 hobgoblins
  10 jackals
  6 kobolds
  5 quokkas
  3 frilled lizards
  A giant cockroach zombie (D:5)
  A leopard gecko skeleton (D:4)
  9 rats
  A bush (D:8)
  2 fungi
  3 plants
470 creatures vanquished.

Vanquished Creatures (collateral kills)
  A gnoll sergeant (D:5)
  A gnoll shaman (D:5)
  3 gnolls (D:5)
5 creatures vanquished.

Vanquished Creatures (others)
  5 dream sheep (D:6)
  19 fungi
  14 plants
38 creatures vanquished.

Grand Total: 513 creatures vanquished

Notes
Turn   | Place    | Note
-------+----------+-------------------------------------------
     0 | D:1      | IBeShadow the Minotaur Berserker began the quest for the
                  | Orb.
     0 | D:1      | Reached XP level 1. HP: 19/19 MP: 0/0
    83 | D:1      | Reached XP level 2. HP: 21/27 MP: 1/1
   797 | D:2      | Reached XP level 3. HP: 30/34 MP: 2/2
   804 | D:2      | Noticed Robin
   813 | D:2      | Killed Robin
   813 | D:2      | Reached ** piety under Trog
  1288 | D:2      | Reached XP level 4. HP: 41/41 MP: 3/3
  1299 | D:2      | Reached skill level 5 in Fighting
  1299 | D:2      | Reached skill level 5 in Axes
  1382 | D:2      | Noticed an ogre
  1386 | D:2      | Killed an ogre
  1386 | D:2      | Reached XP level 5. HP: 50/50 MP: 4/4
  1800 | D:3      | Reached *** piety under Trog
  2719 | D:3      | Found a hazy altar of Hepliaklqana.
  2801 | D:3      | Found a snail-covered altar of Cheibriados.
  2855 | D:4      | Reached XP level 6. HP: 58/58 MP: 5/5
  2886 | D:4      | Reached **** piety under Trog
  2930 | D:4      | Noticed an ice beast
  2938 | D:4      | Killed an ice beast
  3091 | D:4      | Reached XP level 7. HP: 63/66 MP: 6/6
  3347 | D:5      | Entered Level 5 of the Dungeon
  3436 | D:5      | Reached XP level 8. HP: 42/75 MP: 7/7
  4040 | D:5      | Reached skill level 1 in Shields
  4075 | D:5      | Found a staircase to the Ecumenical Temple.
  4085 | D:5      | Reached ***** piety under Trog
  4188 | D:5      | Received a gift from Trog
  4416 | Temple   | Entered the Ecumenical Temple
  4510 | D:5      | Reached skill level 10 in Fighting
  4550 | D:5      | Reached skill level 10 in Axes
  4926 | D:6      | Reached XP level 9. HP: 85/85 MP: 8/8
  5283 | D:6      | Reached skill level 5 in Shields
  5730 | D:6      | Found a shimmering altar of Xom.
  6917 | D:7      | Found a shimmering altar of Xom.
  6917 | D:7      | Found a blossoming altar of Fedhas.
  7080 | D:8      | Found a deep blue altar of Sif Muna.
  7080 | D:8      | Found an opulent altar of Gozag.
  7099 | D:8      | Found a basalt altar of Yredelemnul.
  7101 | D:8      | Found a bloodstained altar of Trog.
  7101 | D:8      | Found a stormy altar of Qazlal.
  7102 | D:8      | Found an iron altar of Okawaru.
  7102 | D:8      | Found an ancient bone altar of Kikubaaqudgha.
  7152 | D:8      | Found a burning altar of Makhleb.
  7174 | D:8      | Found a stormy altar of Qazlal.
  7275 | D:8      | Reached XP level 10. HP: 85/96 MP: 9/9
  7591 | D:8      | Found Saepter's General Store.
  7648 | D:8      | Bought a potion of heal wounds for 65 gold pieces
  7648 | D:8      | Bought a scroll of teleportation for 39 gold pieces
  7691 | D:8      | Found Jawo's Antique Armour Shoppe.
  8193 | D:9      | Noticed Psyche
  8202 | D:9      | Killed Psyche
  8291 | D:9      | Found Keraics's Book Shop.
  8663 | D:9      | Reached ****** piety under Trog
  8707 | D:9      | Found Keirann's Book Emporium.
  9155 | D:9      | Found a staircase to the Lair.
  9219 | D:9      | Found Nynub's Magic Scroll Emporium.
  9315 | D:10     | Entered Level 10 of the Dungeon
  9321 | D:10     | Received a gift from Trog
  9432 | D:10     | Reached XP level 11. HP: 100/107 MP: 10/10
  9785 | D:10     | Reached skill level 1 in Crossbows
 10172 | Lair:1   | Entered Level 1 of the Lair of Beasts
 10826 | Lair:1   | Noticed Grum
 10841 | Lair:1   | Killed Grum
 11345 | Lair:2   | Noticed a fire crab
 11359 | Lair:2   | Killed a fire crab
 11359 | Lair:2   | Reached skill level 5 in Crossbows
 11638 | Lair:2   | Noticed Urug
 11656 | Lair:2   | Killed Urug
 11664 | Lair:2   | Reached skill level 15 in Fighting
 11664 | Lair:2   | Reached skill level 15 in Axes
 11705 | Lair:2   | Noticed a seven-headed hydra
 11711 | Lair:2   | Killed an eight-headed hydra
 11711 | Lair:2   | Reached XP level 12. HP: 118/118 MP: 11/11
 11738 | Lair:2   | Found a staircase to the Swamp.
 11756 | Lair:2   | Reached skill level 1 in Evocations
 11899 | Lair:2   | Found a dark tunnel.
 11914 | Volcano  | Entered a volcano
 12245 | Volcano  | Received a gift from Trog
 12406 | Volcano  | Found a radiant altar of Vehumet.
 12415 | Volcano  | Noticed a stone giant
 12430 | Volcano  | Killed a stone giant
 12441 | Volcano  | HP: 4/120 [efreet/+3 scimitar of flaming (19)]
 13436 | Lair:2   | Found a runed translucent door.
 13451 | Lair:2   | Noticed DepressedLobster's ghost (journeyman MiBe)
 15425 | Lair:4   | Found a hole to the Spider Nest.
 17211 | Lair:5   | Noticed a death yak
 17211 | Lair:5   | Noticed a death yak
 17212 | Lair:5   | Noticed a death yak
 17228 | Lair:5   | Noticed Snorg
 17260 | Lair:5   | Killed Snorg
 17260 | Lair:5   | Reached XP level 13. HP: 45/128 MP: 15/15
 17637 | Lair:5   | Reached skill level 5 in Evocations
 18187 | Lair:5   | Received a gift from Trog
 19754 | Lair:6   | Entered Level 6 of the Lair of Beasts
 20190 | Lair:6   | Paralysed by a hornet for 3 turns
 21059 | Lair:6   | Reached skill level 10 in Crossbows
 21061 | Lair:6   | HP: 1/195 [guardian serpent (12)]
 21062 | Lair:6   | Succumbed to a guardian serpent's bolt of poison

Skill      XL: |  1  2  3  4  5  6  7  8  9 10 11 12 13 |
---------------+----------------------------------------+-----
Fighting       | 4 5 6 7 8 10 11 13 15 16 | 16.8
Axes           | 4 5 6 7 8 10 11 13 15 16 | 16.8
Shields        | 3 5 |  5.4
Crossbows      | 5 8 10 | 10.0
Evocations     | 4 6 |  6.8
Armour         | |  2.4
Dodging        | |  2.1

Action                   |  1- 3 |  4- 6 |  7- 9 | 10-12 | 13-15 || total
-------------------------+-------+-------+-------+-------+-------++-------
Melee: Hand axe          |    84 |   118 |    68 |       |       ||   270
       Headbutt          |    10 |    23 |    61 |   129 |    45 ||   268
       War axe           |       |       |   253 |   406 |       ||   659
       Battleaxe         |       |       |       |   113 |   220 ||   333
 Fire: Arbalest          |       |       |       |    38 |       ||    38
       Hand crossbow     |       |       |       |     8 |       ||     8
Invok: Berserk           |     1 |     1 |     1 |     7 |     3 ||    13
       Brothers in Arms  |       |       |     2 |       |       ||     2
       Trog's Hand       |       |       |       |       |     1 ||     1
Evoke: Wand              |       |       |       |     4 |       ||     4
  Use: Scroll            |       |     1 |     2 |     4 |     6 ||    13
       Potion            |       |       |     1 |     6 |       ||     7
 Stab: Sleeping          |       |     1 |       |       |       ||     1
  Eat: Chunk             |     1 |     7 |    10 |    26 |     6 ||    50
       Ration            |       |       |     3 |     5 |     3 ||    11
Armor: Animal skin       |    15 |    10 |       |       |       ||    25
       Chain mail        |       |    34 |   150 |   116 |       ||   300
       Plate armour      |       |       |       |   102 |   203 ||   305
Dodge: Dodged            |    61 |    71 |   153 |   177 |    96 ||   558
Block: Buckler           |       |       |    22 |    88 |       ||   110
